TORONTO Maple Leafs vs BUFFALO Sabres

Created - 4 décembre 2018 at 16:16

Goals
1 2 3 T
TORONTO Maple Leafs 1 0 1 2
BUFFALO Sabres 3 0 1 4
Shots
1 2 3 T
TORONTO Maple Leafs 5 9 11 25
BUFFALO Sabres 16 8 11 35

1st period

1. BUFFALO Sabres , Brayden Point 10 (Artemi Panarin 12, Ryan Ellis 20) at 11:22
2. TORONTO Maple Leafs , Corey Perry 7 (Julius Honka 1, Tyler Bozak 12) at 15:23 (PP)
3. BUFFALO Sabres , Ryan Ellis 3 (Artemi Panarin 13, John Klingberg 11) at 15:54 (PP)
4. BUFFALO Sabres , Artemi Panarin 11 (Brayden Point 13) at 18:50 (PP)

Penalties :
Brett Ritchie (TOR) for Slashing (Minor) at 4:47, Nathan MacKinnon (BUF) for Tripping (Minor) at 14:21, Kris Letang (TOR) for Interference (Minor) at 15:30, Ben Chiarot (TOR) for Tripping (Minor) at 17:04

2nd period

No Goal

Penalties :
Kyle Turris (TOR) for Interference (Minor) at 9:46

3rd period

5. TORONTO Maple Leafs , Kyle Turris 9 (Kris Letang 18, Andrej Sekera 9) at 0:43
6. BUFFALO Sabres , Vladimir Sobotka 1 (Jesper Bratt 3, John Klingberg 12) at 4:25

Penalties :
Tyson Barrie (BUF) for Roughing (Minor) at 11:42

Goalie Stats

Roberto Luongo (TOR), 31 saves from 35 shots - (0,886), L, 11-11-4, 60:00 minutes
Braden Holtby (BUF), 23 saves from 25 shots - (0,920), W, 21-6-1, 60:00 minutes

Players Stats for TORONTO Maple Leafs

Player Name              G  A  P  +/- PIM S  H  SB GA TA FO     MP     PP MP  PK MP  
------------------------------------------------------------------------------------
Andrej Sekera            0  1  1   1  0   0  1  2  0  0  0/0    22:48   0:00   3:47 
Austin Watson            0  0  0   0  0   0  2  0  0  0  5/10   16:57   1:50   3:56 
Ben Chiarot              0  0  0   0  2   3  1  3  0  0  0/0    17:50   1:50   1:40 
Brett Ritchie            0  0  0   0  2   1  0  0  0  0  0/1     6:39   0:00   0:00 
Colin Wilson             0  0  0  -2  0   1  0  0  0  0  2/2    16:07   1:11   0:00 
Corey Perry              1  0  1  -2  0   5  4  0  0  0  0/1    16:07   1:11   0:00 
Jason Zucker             0  0  0   1  0   3  2  0  0  0  0/2    18:04   0:00   0:00 
Julius Honka             0  1  1   0  0   1  1  0  0  0  0/0    15:32   1:11   0:00 
Jussi Jokinen            0  0  0   0  0   2  0  0  0  0  5/13   11:11   0:00   0:00 
Kris Letang              0  1  1   1  2   0  2  4  0  0  0/0    24:26   1:11   3:27 
Kyle Turris              1  0  1   1  2   4  1  0  0  0  13/27  21:19   1:50   1:26 
Mark Jankowski           0  0  0   0  0   0  0  0  0  0  3/5     6:40   0:00   0:00 
Nick Leddy               0  0  0  -2  0   0  2  1  0  0  0/0    22:04   1:50   2:45 
Nikolaj Ehlers           0  0  0   1  0   2  1  0  0  0  0/1    23:36   1:50   3:42 
Patrik Nemeth            0  0  0  -2  0   0  3  1  0  0  0/0    17:18   0:00   0:37 
Stefan Noesen            0  0  0   0  0   0  0  0  0  0  0/0     8:52   0:00   2:12 
Timo Meier               0  0  0   0  0   0  2  0  0  0  1/2    12:11   0:00   1:00 
Tyler Bozak              0  1  1  -2  0   3  0  0  0  0  17/21  16:07   1:11   0:00 

Players Stats for BUFFALO Sabres

Player Name              G  A  P  +/- PIM S  H  SB GA TA FO     MP     PP MP  PK MP  
------------------------------------------------------------------------------------
Artemi Panarin           1  2  3   1  0   2  0  0  0  0  2/3    19:01   3:20   0:00 
Brayden Point            1  1  2   1  0   3  1  1  0  0  5/19   20:00   3:20   0:59 
Brent Burns              0  0  0   0  0   1  0  3  0  0  0/0    23:24   0:00   1:30 
Brett Pesce              0  0  0   0  0   1  1  1  0  0  0/0    13:34   0:00   1:31 
Elias Lindholm           0  0  0   0  0   1  0  0  0  0  1/1     9:43   0:00   0:00 
Henrik Zetterberg        0  0  0  -1  0   3  0  0  0  0  1/1    23:21   2:48   0:27 
Jaden Schwartz           0  0  0  -1  0   4  1  0  0  0  2/2    20:06   0:00   0:00 
James Neal               0  0  0   1  0   2  2  0  0  0  0/2    19:01   3:20   0:00 
Jesper Bratt             0  1  1   1  0   0  0  0  0  0  0/0     5:21   0:00   0:00 
John Klingberg           0  2  2   0  0   0  0  0  0  0  0/0    24:34   2:57   1:31 
Luke Glendening          0  0  0   1  0   2  0  1  0  0  6/10    7:39   0:00   2:18 
Mike Green               0  0  0   0  0   1  3  0  0  0  0/0    15:14   3:11   0:00 
Nathan MacKinnon         0  0  0  -1  2   3  2  0  0  0  14/29  23:10   2:48   0:17 
Nazem Kadri              0  0  0   0  0   0  2  0  0  0  8/15    9:43   0:00   0:00 
Ryan Ellis               1  1  2   1  0   3  1  3  0  0  0/0    23:09   2:57   1:30 
Tyler Johnson            0  0  0   0  0   3  1  0  0  0  0/2    14:32   2:48   2:01 
Tyson Barrie             0  0  0   1  2   3  2  1  0  0  0/0    20:04   3:11   0:00 
Vladimir Sobotka         1  0  1   1  0   3  0  0  0  0  0/1     5:21   0:00   0:00 

3 Stars

1 - Artemi Panarin (BUF)
2 - Ryan Ellis (BUF)
3 - Brayden Point (BUF)

Power Play

TORONTO Maple Leafs - 1 on 2 Attempt(s) - 50,00%
BUFFALO Sabres - 2 on 4 Attempt(s) - 50,00%

Penalty Kill

TORONTO Maple Leafs - 2 on 4 Attempt(s) - 50,00% - Score 0 goal in Penalty Kill
BUFFALO Sabres - 1 on 2 Attempt(s) - 50,00% - Score 0 goal in Penalty Kill

Team Stat

TORONTO Maple Leafs - Hits : 22 - Faceoff Wins : 46 - Blocked Shots : 11 - Penalty Minutes : 8
BUFFALO Sabres - Hits : 16 - Faceoff Wins : 39 - Blocked Shots : 10 - Penalty Minutes : 4

Official

Referees : Unknown
Linesman : Unknown

Game Notes

No Game Note

Finance

Level 1 -- Attendance: 4675 (77,92%) -- Ticket Income 467 500 $
Level 2 -- Attendance: 3984 (79,68%) -- Ticket Income 239 040 $
Level 3 -- Attendance: 2000 (100,00%) -- Ticket Income 70 000 $
Level 4 -- Attendance: 4000 (100,00%) -- Ticket Income 80 000 $
Luxury Box -- Attendance: 800 (80,00%) -- Ticket Income 160 000 $
Game was played at the First Niagara Center.
Total Attendance: 15459 (85,88%)
Total Ticket Income: 1 016 540 $
Other Income: 396 451 $
Total Income: 1 412 991 $

TORONTO Maple Leafs

5 vs 5 Forward 
   Center                   Left Wing                Right Wing               Time % Phy DF OF 
 1 Kyle Turris              Jason Zucker             Nikolaj Ehlers           40     0   1  4  
 2 Tyler Bozak              Colin Wilson             Corey Perry              30     0   1  4  
 3 Jussi Jokinen            Austin Watson            Timo Meier               20     1   2  2  
 4 Mark Jankowski           Stefan Noesen            Brett Ritchie            10     1   2  2  

5 vs 5 Defense 
   Defense                  Defense                                           Time % Phy DF OF 
 1 Kris Letang              Andrej Sekera                                     40     0   2  3  
 2 Nick Leddy               Patrik Nemeth                                     35     2   2  1  
 3 Ben Chiarot              Julius Honka                                      20     1   4  0  
 4 Nick Leddy               Kris Letang                                       5      0   1  4  

PowerPlay Forward 
   Center                   Left Wing                Right Wing               Time % Phy DF OF 
 1 Kyle Turris              Austin Watson            Nikolaj Ehlers           60     0   1  4  
 2 Tyler Bozak              Colin Wilson             Corey Perry              40     0   1  4  

PowerPlay Defense
   Defense                  Defense                                           Time % Phy DF OF 
 1 Nick Leddy               Ben Chiarot                                       75     1   2  2  
 2 Kris Letang              Julius Honka                                      25     1   2  2  

Penalty Kill 4 Players Forward 
   Center                   Wing                     Time % Phy DF OF 
 1 Austin Watson            Nikolaj Ehlers           60     1   3  1  
 2 Kyle Turris              Stefan Noesen            40     1   3  1  

Penalty Kill 4 Players Defense
   Defense                  Defense                  Time % Phy DF OF 
 1 Kris Letang              Andrej Sekera            60     1   4  0  
 2 Nick Leddy               Ben Chiarot              40     1   4  0  

Penalty Kill - 3 Players Forward 
   Forward                                           Time % Phy DF OF 
 1 Austin Watson                                     60     1   4  0  
 2 Kyle Turris                                       40     1   4  0  

Penalty Kill - 3 Players Defense
   Defense                  Defense                  Time % Phy DF OF 
 1 Kris Letang              Patrik Nemeth            60     1   4  0  
 2 Nick Leddy               Ben Chiarot              40     1   4  0  

4 vs 4 Forward 
   Center                   Wing                     Time % Phy DF OF 
 1 Kyle Turris              Austin Watson            60     1   2  2  
 2 Tyler Bozak              Nikolaj Ehlers           40     1   2  2  

4 vs 4 Defense
   Defense                  Defense                  Time % Phy DF OF 
 1 Andrej Sekera            Kris Letang              60     0   2  3  
 2 Nick Leddy               Ben Chiarot              40     1   2  2  

Last Minutes Offensive
   Center                   Left Wing                Right Wing               Defense                  Defense                  
   Kyle Turris              Jason Zucker             Nikolaj Ehlers           Kris Letang              Nick Leddy               

Last Minutes Defensive
   Center                   Left Wing                Right Wing               Defense                  Defense                  
   Austin Watson            Jason Zucker             Stefan Noesen            Kris Letang              Andrej Sekera            

Goaltenders
Starting : Roberto Luongo           
Backup : Adin Hill                

Extra Forwards
Normal : Colin Wilson, Kyle Turris, Timo Meier - PP : Colin Wilson, Kyle Turris - PK : Timo Meier
Extra Defensemen
Normal : Nick Leddy, Ben Chiarot, Kris Letang - PP : Kris Letang - PK : Kris Letang, Nick Leddy
Penalty Shots
Colin Wilson, Nikolaj Ehlers, Kyle Turris, Timo Meier, Austin Watson

BUFFALO Sabres

5 vs 5 Forward 
   Center                   Left Wing                Right Wing               Time % Phy DF OF 
 1 Nathan MacKinnon         Henrik Zetterberg        Jaden Schwartz           40     1   2  2  
 2 Brayden Point            Artemi Panarin           James Neal               30     1   2  2  
 3 Nazem Kadri              Tyler Johnson            Elias Lindholm           20     1   2  2  
 4 Luke Glendening          Jesper Bratt             Vladimir Sobotka         10     1   2  2  

5 vs 5 Defense 
   Defense                  Defense                                           Time % Phy DF OF 
 1 Brent Burns              John Klingberg                                    40     1   2  2  
 2 Ryan Ellis               Tyson Barrie                                      30     1   2  2  
 3 Mike Green               Brett Pesce                                       20     1   2  2  
 4 Brent Burns              Ryan Ellis                                        10     1   2  2  

PowerPlay Forward 
   Center                   Left Wing                Right Wing               Time % Phy DF OF 
 1 Nathan MacKinnon         Henrik Zetterberg        Tyler Johnson            60     1   2  2  
 2 Brayden Point            Artemi Panarin           James Neal               40     1   2  2  

PowerPlay Defense
   Defense                  Defense                                           Time % Phy DF OF 
 1 Ryan Ellis               John Klingberg                                    60     1   2  2  
 2 Mike Green               Tyson Barrie                                      40     1   2  2  

Penalty Kill 4 Players Forward 
   Center                   Wing                     Time % Phy DF OF 
 1 Luke Glendening          Tyler Johnson            60     1   2  2  
 2 Brayden Point            Nathan MacKinnon         40     1   2  2  

Penalty Kill 4 Players Defense
   Defense                  Defense                  Time % Phy DF OF 
 1 Brent Burns              Ryan Ellis               60     1   2  2  
 2 John Klingberg           Brett Pesce              40     1   2  2  

Penalty Kill - 3 Players Forward 
   Forward                                           Time % Phy DF OF 
 1 Luke Glendening                                   60     1   2  2  
 2 Tyler Johnson                                     40     1   2  2  

Penalty Kill - 3 Players Defense
   Defense                  Defense                  Time % Phy DF OF 
 1 Mike Green               Ryan Ellis               60     1   2  2  
 2 John Klingberg           Brett Pesce              40     1   2  2  

4 vs 4 Forward 
   Center                   Wing                     Time % Phy DF OF 
 1 Nathan MacKinnon         Artemi Panarin           60     1   2  2  
 2 Brayden Point            Tyler Johnson            40     1   2  2  

4 vs 4 Defense
   Defense                  Defense                  Time % Phy DF OF 
 1 Ryan Ellis               John Klingberg           60     1   2  2  
 2 Mike Green               Tyson Barrie             40     1   2  2  

Last Minutes Offensive
   Center                   Left Wing                Right Wing               Defense                  Defense                  
   Nathan MacKinnon         Artemi Panarin           Jaden Schwartz           Brent Burns              Ryan Ellis               

Last Minutes Defensive
   Center                   Left Wing                Right Wing               Defense                  Defense                  
   Brayden Point            Tyler Johnson            Jaden Schwartz           Brent Burns              Ryan Ellis               

Goaltenders
Starting : Braden Holtby            
Backup : Alexandar Georgiev       

Extra Forwards
Normal : Nathan MacKinnon, Artemi Panarin, Brayden Point - PP : Nathan MacKinnon, Artemi Panarin - PK : Tyler Johnson
Extra Defensemen
Normal : Brett Pesce, Ryan Ellis, John Klingberg - PP : Ryan Ellis - PK : Ryan Ellis, Brett Pesce
Penalty Shots
Nathan MacKinnon, Artemi Panarin, Jaden Schwartz, Henrik Zetterberg, Brayden Point


% Time on Ice - TORONTO Maple Leafs

Lines # - Real PCT - Wanted PCT - Time Play
Normal Forward
1 - 36% - 40% - 18:04
2 - 29% - 30% - 14:56
3 - 22% - 20% - 11:11
4 - 13% - 10% - 6:40
Normal Defense
1 - 37% - 40% - 19:01
2 - 33% - 35% - 16:41
3 - 28% - 20% - 14:21
4 - 2% - 5% - 0:48
PP Forward
1 - 61% - 60% - 1:50
2 - 39% - 40% - 1:11
PP Defense
1 - 61% - 75% - 1:50
2 - 39% - 25% - 1:11
PK Forward
1 - 64% - 60% - 3:56
2 - 36% - 40% - 2:12
PK Defense
1 - 62% - 60% - 3:47
2 - 38% - 40% - 2:21
PK3 Forward
1 - 0% - 60%
2 - 0% - 40%
PK3 Defense
1 - 0% - 60%
2 - 0% - 40%
44 Forward
1 - 0% - 60%
2 - 0% - 40%
44 Defense
1 - 0% - 60%
2 - 0% - 40%
Last Minute Offensive  - 0:00
Last Minute Defensive  - 0:00
Total
Forward - 60:00
Defense - 60:00

% Time on Ice - BUFFALO Sabres

Lines # - Real PCT - Wanted PCT - Time Play
Normal Forward
1 - 40% - 40% - 20:06
2 - 31% - 30% - 15:41
3 - 19% - 20% - 9:43
4 - 11% - 10% - 5:21
Normal Defense
1 - 40% - 40% - 20:06
2 - 33% - 30% - 16:54
3 - 24% - 20% - 12:03
4 - 4% - 10% - 1:48
PP Forward
1 - 46% - 60% - 2:48
2 - 54% - 40% - 3:20
PP Defense
1 - 48% - 60% - 2:57
2 - 52% - 40% - 3:11
PK Forward
1 - 82% - 60% - 2:28
2 - 18% - 40% - 0:33
PK Defense
1 - 50% - 60% - 1:30
2 - 50% - 40% - 1:31
PK3 Forward
1 - 0% - 60%
2 - 0% - 40%
PK3 Defense
1 - 0% - 60%
2 - 0% - 40%
44 Forward
1 - 0% - 60%
2 - 0% - 40%
44 Defense
1 - 0% - 60%
2 - 0% - 40%
Last Minute Offensive  - 0:00
Last Minute Defensive  - 0:00
Total
Forward - 60:00
Defense - 60:00

Play by Play

1st period


0:01 of 1st period - Kyle Turris wins face-off versus Nathan MacKinnon in neutral zone.
0:22 of 1st period - Shot by Jason Zucker.
0:22 of 1st period - Shot Blocked by Brent Burns.
0:36 of 1st period - Shot by Jaden Schwartz.
0:36 of 1st period - Shot Misses the Net.
1:10 of 1st period - Shot by Tyler Bozak.
1:10 of 1st period - Shot Blocked by Brayden Point.
1:27 of 1st period - Icing by Corey Perry.
1:28 of 1st period - Tyler Bozak wins face-off versus Nazem Kadri in TORONTO Maple Leafs zone.
1:33 of 1st period - Brett Pesce is hit by Corey Perry and loses puck.
1:58 of 1st period - Tyler Johnson is hit by Corey Perry and loses puck.
2:06 of 1st period - Tyler Johnson is hit by Patrik Nemeth.
2:10 of 1st period - Shot by Nazem Kadri.
2:10 of 1st period - Shot Misses the Net.
2:12 of 1st period - Shot by Brett Pesce.
2:12 of 1st period - Stopped by Roberto Luongo without a rebound.
2:13 of 1st period - Jussi Jokinen wins face-off versus Vladimir Sobotka in TORONTO Maple Leafs zone.
3:26 of 1st period - Shot by Jason Zucker.
3:26 of 1st period - Shot Hit the Post.
3:28 of 1st period - Shot by Kyle Turris.
3:28 of 1st period - Shot Misses the Net.
4:47 of 1st period - Minor Penalty to Brett Ritchie for Slashing.
4:48 of 1st period - Austin Watson wins face-off versus Nathan MacKinnon in TORONTO Maple Leafs zone.
5:01 of 1st period - Shot by Tyson Barrie.
5:01 of 1st period - Stopped by Roberto Luongo without a rebound.
5:02 of 1st period - Nathan MacKinnon wins face-off versus Nikolaj Ehlers in TORONTO Maple Leafs zone.
5:26 of 1st period - Icing by Ryan Ellis.
5:27 of 1st period - Kyle Turris wins face-off versus Nathan MacKinnon in BUFFALO Sabres zone.
5:40 of 1st period - Shot by Henrik Zetterberg.
5:40 of 1st period - Stopped by Roberto Luongo without a rebound.
5:41 of 1st period - Brayden Point wins face-off versus Austin Watson in TORONTO Maple Leafs zone.
5:50 of 1st period - Shot by Artemi Panarin.
5:50 of 1st period - Stopped by Roberto Luongo with a rebound.
5:52 of 1st period - Shot by James Neal.
5:52 of 1st period - Stopped by Roberto Luongo with a rebound.
5:54 of 1st period - Shot by Tyson Barrie.
5:54 of 1st period - Stopped by Roberto Luongo without a rebound.
5:55 of 1st period - Austin Watson wins face-off versus Brayden Point in TORONTO Maple Leafs zone.
6:09 of 1st period - Icing by Tyson Barrie.
6:10 of 1st period - Kyle Turris wins face-off versus Brayden Point in BUFFALO Sabres zone.
6:15 of 1st period - Shot by Andrej Sekera.
6:15 of 1st period - Shot Blocked by Tyson Barrie.
6:26 of 1st period - Brayden Point is hit by Kris Letang and loses puck.
6:52 of 1st period - Jaden Schwartz is hit by Julius Honka and loses puck.
7:09 of 1st period - Off-side.
7:10 of 1st period - Nazem Kadri wins face-off versus Jussi Jokinen in neutral zone.
7:17 of 1st period - Shot by Tyler Johnson.
7:17 of 1st period - Stopped by Roberto Luongo without a rebound.
7:18 of 1st period - Kyle Turris wins face-off versus Nathan MacKinnon in TORONTO Maple Leafs zone.
7:18 of 1st period - Kyle Turris is hit by Nathan MacKinnon.
8:45 of 1st period - Shot by Tyler Bozak.
8:45 of 1st period - Stopped by Braden Holtby without a rebound.
8:46 of 1st period - Jussi Jokinen wins face-off versus Nazem Kadri in BUFFALO Sabres zone.
8:47 of 1st period - Shot by Austin Watson.
8:47 of 1st period - Shot Misses the Net.
9:27 of 1st period - Shot by Tyler Johnson.
9:27 of 1st period - Shot Misses the Net.
10:03 of 1st period - Shot by Nathan MacKinnon.
10:03 of 1st period - Stopped by Roberto Luongo with a rebound.
10:15 of 1st period - Shot by Nathan MacKinnon.
10:15 of 1st period - Shot Misses the Net.
10:17 of 1st period - Shot by Brent Burns.
10:17 of 1st period - Stopped by Roberto Luongo with a rebound.
10:45 of 1st period - Colin Wilson is hit by Tyson Barrie and loses puck.
10:53 of 1st period - Brayden Point is hit by Nick Leddy and loses puck.
11:22 of 1st period - Shot by Brayden Point.
11:22 of 1st period - Goal by Brayden Point - TORONTO Maple Leafs : 0 - BUFFALO Sabres : 1.
11:23 of 1st period - Nazem Kadri wins face-off versus Kyle Turris in neutral zone.
11:26 of 1st period - Jason Zucker is hit by Nazem Kadri and loses puck.
12:01 of 1st period - Shot by Tyler Johnson.
12:01 of 1st period - Shot Blocked by Andrej Sekera.
12:10 of 1st period - Icing by Kris Letang.
12:11 of 1st period - Kyle Turris wins face-off versus Brayden Point in TORONTO Maple Leafs zone.
12:15 of 1st period - Andrej Sekera is hit by Tyson Barrie and loses puck.
12:50 of 1st period - Shot by Brayden Point.
12:50 of 1st period - Shot Blocked by Patrik Nemeth.
13:08 of 1st period - Icing by Patrik Nemeth.
13:09 of 1st period - Nathan MacKinnon wins face-off versus Brett Ritchie in TORONTO Maple Leafs zone.
13:24 of 1st period - Shot by Jaden Schwartz.
13:24 of 1st period - Stopped by Roberto Luongo without a rebound.
13:25 of 1st period - Tyler Bozak wins face-off versus Nazem Kadri in TORONTO Maple Leafs zone.
13:36 of 1st period - Tyler Johnson is hit by Kris Letang and loses puck.
14:05 of 1st period - Shot by Corey Perry.
14:05 of 1st period - Stopped by Braden Holtby without a rebound.
14:06 of 1st period - Nathan MacKinnon wins face-off versus Kyle Turris in BUFFALO Sabres zone.
14:06 of 1st period - Nathan MacKinnon is hit by Kyle Turris.
14:18 of 1st period - Shot by Jaden Schwartz.
14:18 of 1st period - Deflect By Nathan MacKinnon.
14:18 of 1st period - Shot Misses the Net.
14:21 of 1st period - Minor Penalty to Nathan MacKinnon for Tripping.
14:22 of 1st period - Luke Glendening wins face-off versus Kyle Turris in BUFFALO Sabres zone.
14:28 of 1st period - Icing by Kyle Turris.
14:29 of 1st period - Luke Glendening wins face-off versus Kyle Turris in TORONTO Maple Leafs zone.
15:01 of 1st period - Shot by Austin Watson.
15:01 of 1st period - Shot Misses the Net.
15:03 of 1st period - Shot by Austin Watson.
15:03 of 1st period - Shot Misses the Net.
15:05 of 1st period - Shot by Ben Chiarot.
15:05 of 1st period - Stopped by Braden Holtby with a rebound.
15:07 of 1st period - Shot by Ben Chiarot.
15:07 of 1st period - Stopped by Braden Holtby without a rebound.
15:08 of 1st period - Colin Wilson wins face-off versus Brayden Point in BUFFALO Sabres zone.
15:13 of 1st period - Shot by Tyler Bozak.
15:13 of 1st period - Shot Misses the Net.
15:15 of 1st period - Shot by Corey Perry.
15:15 of 1st period - Shot Blocked by Luke Glendening.
15:19 of 1st period - Shot by Tyler Bozak.
15:19 of 1st period - Shot Blocked by Brent Burns.
15:21 of 1st period - Shot by Julius Honka.
15:21 of 1st period - Shot Blocked by Brent Burns.
15:23 of 1st period - Shot by Corey Perry.
15:23 of 1st period - Goal by Corey Perry - TORONTO Maple Leafs : 1 - BUFFALO Sabres : 1.
15:24 of 1st period - Nathan MacKinnon wins face-off versus Mark Jankowski in neutral zone.
15:30 of 1st period - Minor Penalty to Kris Letang for Interference.
15:31 of 1st period - Austin Watson wins face-off versus James Neal in TORONTO Maple Leafs zone.
15:39 of 1st period - Icing by Brayden Point.
15:40 of 1st period - Brayden Point wins face-off versus Austin Watson in BUFFALO Sabres zone.
15:52 of 1st period - Shot by Artemi Panarin.
15:52 of 1st period - Shot Misses the Net.
15:54 of 1st period - Shot by Ryan Ellis.
15:54 of 1st period - Goal by Ryan Ellis - TORONTO Maple Leafs : 1 - BUFFALO Sabres : 2.
15:55 of 1st period - Tyler Bozak wins face-off versus Nathan MacKinnon in neutral zone.
17:04 of 1st period - Minor Penalty to Ben Chiarot for Tripping.
17:05 of 1st period - Austin Watson wins face-off versus Brayden Point in TORONTO Maple Leafs zone.
17:14 of 1st period - Andrej Sekera is hit by James Neal and loses puck.
17:45 of 1st period - Shot by Artemi Panarin.
17:45 of 1st period - Shot Misses the Net.
17:47 of 1st period - Shot by Mike Green.
17:47 of 1st period - Stopped by Roberto Luongo with a rebound.
18:17 of 1st period - Shot by Henrik Zetterberg.
18:17 of 1st period - Stopped by Roberto Luongo without a rebound.
18:18 of 1st period - Austin Watson wins face-off versus Nathan MacKinnon in TORONTO Maple Leafs zone.
18:27 of 1st period - Stefan Noesen is hit by Tyler Johnson and loses puck.
18:46 of 1st period - Shot by Ryan Ellis.
18:46 of 1st period - Stopped by Roberto Luongo without a rebound.
18:47 of 1st period - Brayden Point wins face-off versus Austin Watson in TORONTO Maple Leafs zone.
18:50 of 1st period - Shot by Artemi Panarin.
18:50 of 1st period - Goal by Artemi Panarin - TORONTO Maple Leafs : 1 - BUFFALO Sabres : 3.
18:51 of 1st period - Brayden Point wins face-off versus Tyler Bozak in neutral zone.
18:51 of 1st period - Artemi Panarin is hit by Corey Perry and loses puck.
19:17 of 1st period - Icing by Ben Chiarot.
19:18 of 1st period - Tyler Bozak wins face-off versus Luke Glendening in TORONTO Maple Leafs zone.
Goals for this period are 1 for TORONTO Maple Leafs vs 3 for BUFFALO Sabres.
Shots for this period are 5 for TORONTO Maple Leafs vs 16 for BUFFALO Sabres.

2nd period


0:01 of 2nd period - Kyle Turris wins face-off versus Nathan MacKinnon in neutral zone.
0:46 of 2nd period - Shot by Nathan MacKinnon.
0:46 of 2nd period - Stopped by Roberto Luongo without a rebound.
0:47 of 2nd period - Jussi Jokinen wins face-off versus Brayden Point in TORONTO Maple Leafs zone.
2:22 of 2nd period - Shot by Julius Honka.
2:22 of 2nd period - Stopped by Braden Holtby with a rebound.
2:39 of 2nd period - Icing by Ben Chiarot.
2:40 of 2nd period - Tyler Bozak wins face-off versus Tyler Johnson in TORONTO Maple Leafs zone.
2:40 of 2nd period - Tyler Bozak is hit by Nazem Kadri.
2:43 of 2nd period - Icing by Ben Chiarot.
2:44 of 2nd period - Tyler Bozak wins face-off versus Nazem Kadri in TORONTO Maple Leafs zone.
5:02 of 2nd period - Shot by Brayden Point.
5:02 of 2nd period - Stopped by Roberto Luongo without a rebound.
5:03 of 2nd period - Nazem Kadri wins face-off versus Timo Meier in TORONTO Maple Leafs zone.
5:13 of 2nd period - Nazem Kadri is hit by Nick Leddy and loses puck.
5:25 of 2nd period - Off-side.
5:26 of 2nd period - Mark Jankowski wins face-off versus Luke Glendening in neutral zone.
5:48 of 2nd period - Shot by Brett Ritchie.
5:48 of 2nd period - Stopped by Braden Holtby without a rebound.
5:49 of 2nd period - Nathan MacKinnon wins face-off versus Jussi Jokinen in BUFFALO Sabres zone.
5:49 of 2nd period - Nathan MacKinnon is hit by Austin Watson.
6:24 of 2nd period - Shot by Nick Leddy.
6:24 of 2nd period - Shot Blocked by Ryan Ellis.
6:26 of 2nd period - Shot by Austin Watson.
6:26 of 2nd period - Deflect By Jussi Jokinen.
6:26 of 2nd period - Stopped by Braden Holtby without a rebound.
6:27 of 2nd period - Tyler Bozak wins face-off versus Brayden Point in BUFFALO Sabres zone.
6:49 of 2nd period - Shot by Artemi Panarin.
6:49 of 2nd period - Shot Misses the Net.
6:51 of 2nd period - Shot by Brent Burns.
6:51 of 2nd period - Shot Misses the Net.
6:53 of 2nd period - Shot by Brent Burns.
6:53 of 2nd period - Shot Misses the Net.
6:55 of 2nd period - Shot by Brent Burns.
6:55 of 2nd period - Shot Blocked by Ben Chiarot.
6:57 of 2nd period - Shot by Artemi Panarin.
6:57 of 2nd period - Shot Blocked by Ben Chiarot.
7:27 of 2nd period - Shot by Nazem Kadri.
7:27 of 2nd period - Shot Misses the Net.
7:29 of 2nd period - Shot by Ryan Ellis.
7:29 of 2nd period - Shot Blocked by Kris Letang.
7:31 of 2nd period - Shot by Tyler Johnson.
7:31 of 2nd period - Shot Blocked by Andrej Sekera.
7:47 of 2nd period - Shot by Tyler Johnson.
7:47 of 2nd period - Shot Misses the Net.
8:55 of 2nd period - Shot by Jaden Schwartz.
8:55 of 2nd period - Stopped by Roberto Luongo without a rebound.
8:56 of 2nd period - Luke Glendening wins face-off versus Jussi Jokinen in TORONTO Maple Leafs zone.
9:05 of 2nd period - Shot by Vladimir Sobotka.
9:05 of 2nd period - Stopped by Roberto Luongo without a rebound.
9:06 of 2nd period - Tyler Bozak wins face-off versus Brayden Point in TORONTO Maple Leafs zone.
9:41 of 2nd period - Shot by Corey Perry.
9:41 of 2nd period - Stopped by Braden Holtby without a rebound.
9:42 of 2nd period - Nathan MacKinnon wins face-off versus Kyle Turris in BUFFALO Sabres zone.
9:42 of 2nd period - Ryan Ellis is hit by Jason Zucker and loses puck.
9:46 of 2nd period - Minor Penalty to Kyle Turris for Interference.
9:47 of 2nd period - Nathan MacKinnon wins face-off versus Austin Watson in TORONTO Maple Leafs zone.
9:57 of 2nd period - Icing by Nathan MacKinnon.
9:58 of 2nd period - Nathan MacKinnon wins face-off versus Austin Watson in BUFFALO Sabres zone.
11:04 of 2nd period - Shot by Ryan Ellis.
11:04 of 2nd period - Shot Misses the Net.
11:06 of 2nd period - Shot by Ryan Ellis.
11:06 of 2nd period - Stopped by Roberto Luongo without a rebound.
11:07 of 2nd period - Timo Meier wins face-off versus James Neal in TORONTO Maple Leafs zone.
11:18 of 2nd period - Shot by Ryan Ellis.
11:18 of 2nd period - Shot Blocked by Kris Letang.
11:20 of 2nd period - Shot by Ryan Ellis.
11:20 of 2nd period - Shot Blocked by Kris Letang.
12:14 of 2nd period - Shot by Tyler Bozak.
12:14 of 2nd period - Deflect By Corey Perry.
12:14 of 2nd period - Shot Misses the Net.
12:16 of 2nd period - Shot by Colin Wilson.
12:16 of 2nd period - Stopped by Braden Holtby without a rebound.
12:17 of 2nd period - Nathan MacKinnon wins face-off versus Jason Zucker in BUFFALO Sabres zone.
12:30 of 2nd period - Shot by Nathan MacKinnon.
12:30 of 2nd period - Shot Blocked by Ben Chiarot.
12:32 of 2nd period - Shot by Henrik Zetterberg.
12:32 of 2nd period - Stopped by Roberto Luongo without a rebound.
12:33 of 2nd period - Nazem Kadri wins face-off versus Jussi Jokinen in TORONTO Maple Leafs zone.
12:36 of 2nd period - Shot by Elias Lindholm.
12:36 of 2nd period - Shot Misses the Net.
13:27 of 2nd period - Shot by Nathan MacKinnon.
13:27 of 2nd period - Deflect By Jaden Schwartz.
13:27 of 2nd period - Stopped by Roberto Luongo without a rebound.
13:28 of 2nd period - Kyle Turris wins face-off versus Nathan MacKinnon in TORONTO Maple Leafs zone.
13:40 of 2nd period - Shot by Jason Zucker.
13:40 of 2nd period - Shot Misses the Net.
13:42 of 2nd period - Shot by Kyle Turris.
13:42 of 2nd period - Deflect By Jason Zucker.
13:42 of 2nd period - Stopped by Braden Holtby with a rebound.
13:48 of 2nd period - Shot by Jason Zucker.
13:48 of 2nd period - Stopped by Braden Holtby without a rebound.
13:49 of 2nd period - Brayden Point wins face-off versus Tyler Bozak in BUFFALO Sabres zone.
14:30 of 2nd period - Shot by Tyler Bozak.
14:30 of 2nd period - Shot Misses the Net.
15:41 of 2nd period - Icing by Kyle Turris.
15:42 of 2nd period - Nazem Kadri wins face-off versus Jason Zucker in TORONTO Maple Leafs zone.
15:53 of 2nd period - Shot by Tyler Johnson.
15:53 of 2nd period - Shot Blocked by Nick Leddy.
16:10 of 2nd period - Nazem Kadri is hit by Timo Meier and loses puck.
16:21 of 2nd period - Shot by Jussi Jokinen.
16:21 of 2nd period - Stopped by Braden Holtby without a rebound.
16:22 of 2nd period - Tyler Bozak wins face-off versus Brayden Point in BUFFALO Sabres zone.
16:22 of 2nd period - Tyler Bozak is hit by Mike Green.
16:25 of 2nd period - Corey Perry is hit by Mike Green and loses puck.
16:29 of 2nd period - Icing by Brayden Point.
16:30 of 2nd period - Artemi Panarin wins face-off versus Jussi Jokinen in BUFFALO Sabres zone.
16:30 of 2nd period - Artemi Panarin is hit by Austin Watson.
16:54 of 2nd period - Shot by James Neal.
16:54 of 2nd period - Stopped by Roberto Luongo without a rebound.
16:55 of 2nd period - Colin Wilson wins face-off versus Nathan MacKinnon in TORONTO Maple Leafs zone.
17:28 of 2nd period - Shot by Colin Wilson.
17:28 of 2nd period - Shot Misses the Net.
17:58 of 2nd period - Off-side.
17:59 of 2nd period - Nazem Kadri wins face-off versus Kyle Turris in neutral zone.
18:17 of 2nd period - Icing by Kyle Turris.
18:18 of 2nd period - Kyle Turris wins face-off versus Artemi Panarin in TORONTO Maple Leafs zone.
18:18 of 2nd period - Kyle Turris is hit by Brayden Point.
18:30 of 2nd period - Shot by Nikolaj Ehlers.
18:30 of 2nd period - Stopped by Braden Holtby without a rebound.
18:31 of 2nd period - Jaden Schwartz wins face-off versus Jussi Jokinen in BUFFALO Sabres zone.
18:31 of 2nd period - Jaden Schwartz is hit by Timo Meier.
18:38 of 2nd period - Icing by Patrik Nemeth.
18:39 of 2nd period - Nathan MacKinnon wins face-off versus Jussi Jokinen in TORONTO Maple Leafs zone.
Goals for this period are 0 for TORONTO Maple Leafs vs 0 for BUFFALO Sabres.
Shots for this period are 9 for TORONTO Maple Leafs vs 8 for BUFFALO Sabres.

3rd period


0:01 of 3rd period - Henrik Zetterberg wins face-off versus Kyle Turris in neutral zone.
0:09 of 3rd period - Icing by Nikolaj Ehlers.
0:10 of 3rd period - Kyle Turris wins face-off versus Nathan MacKinnon in TORONTO Maple Leafs zone.
0:19 of 3rd period - Jaden Schwartz is hit by Nikolaj Ehlers.
0:41 of 3rd period - Shot by Kris Letang.
0:41 of 3rd period - Shot Misses the Net.
0:43 of 3rd period - Shot by Kyle Turris.
0:43 of 3rd period - Goal by Kyle Turris - TORONTO Maple Leafs : 2 - BUFFALO Sabres : 3.
0:44 of 3rd period - Tyler Bozak wins face-off versus Brayden Point in neutral zone.
0:54 of 3rd period - Icing by Ryan Ellis.
0:55 of 3rd period - Mark Jankowski wins face-off versus Brayden Point in BUFFALO Sabres zone.
1:07 of 3rd period - Artemi Panarin is hit by Patrik Nemeth and loses puck.
1:24 of 3rd period - Shot by Tyson Barrie.
1:24 of 3rd period - Stopped by Roberto Luongo without a rebound.
1:25 of 3rd period - Jaden Schwartz wins face-off versus Kyle Turris in TORONTO Maple Leafs zone.
1:53 of 3rd period - Icing by Jaden Schwartz.
1:54 of 3rd period - Nathan MacKinnon wins face-off versus Tyler Bozak in BUFFALO Sabres zone.
1:54 of 3rd period - Nathan MacKinnon is hit by Corey Perry.
2:16 of 3rd period - Shot by Nathan MacKinnon.
2:16 of 3rd period - Shot Misses the Net.
2:29 of 3rd period - Icing by Brent Burns.
2:30 of 3rd period - Nathan MacKinnon wins face-off versus Kyle Turris in BUFFALO Sabres zone.
2:49 of 3rd period - Shot by Brayden Point.
2:49 of 3rd period - Shot Misses the Net.
3:32 of 3rd period - Ryan Ellis is hit by Ben Chiarot and loses puck.
3:46 of 3rd period - Timo Meier is hit by Mike Green and loses puck.
3:57 of 3rd period - Shot by Nazem Kadri.
3:57 of 3rd period - Deflect By Tyler Johnson.
3:57 of 3rd period - Stopped by Roberto Luongo without a rebound.
3:58 of 3rd period - Luke Glendening wins face-off versus Corey Perry in TORONTO Maple Leafs zone.
4:25 of 3rd period - Shot by Vladimir Sobotka.
4:25 of 3rd period - Goal by Vladimir Sobotka - TORONTO Maple Leafs : 2 - BUFFALO Sabres : 4.
4:26 of 3rd period - Nathan MacKinnon wins face-off versus Mark Jankowski in neutral zone.
5:59 of 3rd period - Shot by Artemi Panarin.
5:59 of 3rd period - Shot Misses the Net.
6:01 of 3rd period - Shot by Artemi Panarin.
6:01 of 3rd period - Deflect By Brayden Point.
6:01 of 3rd period - Stopped by Roberto Luongo without a rebound.
6:02 of 3rd period - Nazem Kadri wins face-off versus Tyler Bozak in TORONTO Maple Leafs zone.
6:08 of 3rd period - Icing by Ben Chiarot.
6:09 of 3rd period - Tyler Bozak wins face-off versus Nazem Kadri in TORONTO Maple Leafs zone.
6:21 of 3rd period - Icing by Ryan Ellis.
6:22 of 3rd period - Elias Lindholm wins face-off versus Jussi Jokinen in BUFFALO Sabres zone.
6:31 of 3rd period - Shot by Tyler Johnson.
6:31 of 3rd period - Stopped by Roberto Luongo without a rebound.
6:32 of 3rd period - Kyle Turris wins face-off versus Nathan MacKinnon in TORONTO Maple Leafs zone.
7:00 of 3rd period - Shot by Jason Zucker.
7:00 of 3rd period - Deflect By Kyle Turris.
7:00 of 3rd period - Stopped by Braden Holtby without a rebound.
7:01 of 3rd period - Tyler Bozak wins face-off versus Brayden Point in BUFFALO Sabres zone.
7:10 of 3rd period - Shot by Tyler Bozak.
7:10 of 3rd period - Stopped by Braden Holtby without a rebound.
7:11 of 3rd period - Jussi Jokinen wins face-off versus Nazem Kadri in BUFFALO Sabres zone.
7:15 of 3rd period - Icing by Ryan Ellis.
7:16 of 3rd period - Nazem Kadri wins face-off versus Kyle Turris in BUFFALO Sabres zone.
7:16 of 3rd period - Nazem Kadri is hit by Jason Zucker.
7:33 of 3rd period - Shot by Kyle Turris.
7:33 of 3rd period - Stopped by Braden Holtby without a rebound.
7:34 of 3rd period - Tyler Bozak wins face-off versus Nathan MacKinnon in BUFFALO Sabres zone.
7:41 of 3rd period - Shot by Corey Perry.
7:41 of 3rd period - Stopped by Braden Holtby without a rebound.
7:42 of 3rd period - Kyle Turris wins face-off versus Nathan MacKinnon in BUFFALO Sabres zone.
7:49 of 3rd period - Shot by Nikolaj Ehlers.
7:49 of 3rd period - Stopped by Braden Holtby without a rebound.
7:50 of 3rd period - Nathan MacKinnon wins face-off versus Kyle Turris in BUFFALO Sabres zone.
7:59 of 3rd period - Shot by Jaden Schwartz.
7:59 of 3rd period - Shot Blocked by Kris Letang.
8:04 of 3rd period - Icing by Nikolaj Ehlers.
8:05 of 3rd period - Kyle Turris wins face-off versus Brayden Point in TORONTO Maple Leafs zone.
8:10 of 3rd period - Shot by Nikolaj Ehlers.
8:10 of 3rd period - Shot Misses the Net.
8:12 of 3rd period - Shot by Jason Zucker.
8:12 of 3rd period - Shot Blocked by Ryan Ellis.
8:28 of 3rd period - Shot by Kyle Turris.
8:28 of 3rd period - Deflect By Jason Zucker.
8:28 of 3rd period - Stopped by Braden Holtby without a rebound.
8:29 of 3rd period - Tyler Bozak wins face-off versus Nathan MacKinnon in BUFFALO Sabres zone.
8:40 of 3rd period - Shot by Corey Perry.
8:40 of 3rd period - Stopped by Braden Holtby without a rebound.
8:41 of 3rd period - Jussi Jokinen wins face-off versus Brayden Point in BUFFALO Sabres zone.
10:06 of 3rd period - Shot by Kyle Turris.
10:06 of 3rd period - Shot Misses the Net.
10:08 of 3rd period - Shot by Ben Chiarot.
10:08 of 3rd period - Stopped by Braden Holtby without a rebound.
10:09 of 3rd period - Tyler Bozak wins face-off versus Nazem Kadri in BUFFALO Sabres zone.
10:29 of 3rd period - Off-side.
10:30 of 3rd period - Mark Jankowski wins face-off versus Nathan MacKinnon in neutral zone.
10:38 of 3rd period - Shot by Mark Jankowski.
10:38 of 3rd period - Shot Misses the Net.
10:46 of 3rd period - Patrik Nemeth is hit by Jaden Schwartz and loses puck.
11:07 of 3rd period - Shot by Jaden Schwartz.
11:07 of 3rd period - Deflect By Nathan MacKinnon.
11:07 of 3rd period - Stopped by Roberto Luongo with a rebound.
11:40 of 3rd period - Icing by Tyson Barrie.
11:41 of 3rd period - Tyler Bozak wins face-off versus Tyler Johnson in BUFFALO Sabres zone.
11:41 of 3rd period - Ben Chiarot is hit by Ryan Ellis and loses puck.
11:42 of 3rd period - Minor Penalty to Tyson Barrie for Roughing.
11:43 of 3rd period - Kyle Turris wins face-off versus Luke Glendening in BUFFALO Sabres zone.
12:15 of 3rd period - Shot by Nick Leddy.
12:15 of 3rd period - Shot Misses the Net.
12:17 of 3rd period - Shot by Ben Chiarot.
12:17 of 3rd period - Shot Blocked by Brett Pesce.
12:19 of 3rd period - Shot by Ben Chiarot.
12:19 of 3rd period - Shot Misses the Net.
13:26 of 3rd period - Shot by Nikolaj Ehlers.
13:26 of 3rd period - Shot Blocked by Ryan Ellis.
13:28 of 3rd period - Shot by Kyle Turris.
13:28 of 3rd period - Stopped by Braden Holtby without a rebound.
13:29 of 3rd period - Luke Glendening wins face-off versus Kyle Turris in BUFFALO Sabres zone.
14:58 of 3rd period - Icing by Mike Green.
14:59 of 3rd period - Artemi Panarin wins face-off versus Kyle Turris in BUFFALO Sabres zone.
15:09 of 3rd period - Nikolaj Ehlers is hit by Brett Pesce and loses puck.
15:55 of 3rd period - Colin Wilson is hit by James Neal and loses puck.
17:38 of 3rd period - Shot by Elias Lindholm.
17:38 of 3rd period - Stopped by Roberto Luongo without a rebound.
17:39 of 3rd period - Luke Glendening wins face-off versus Kyle Turris in TORONTO Maple Leafs zone.
17:39 of 3rd period - Luke Glendening is hit by Patrik Nemeth.
17:49 of 3rd period - Shot by Luke Glendening.
17:49 of 3rd period - Stopped by Roberto Luongo with a rebound.
17:51 of 3rd period - Shot by Jesper Bratt.
17:51 of 3rd period - Deflect By Vladimir Sobotka.
17:51 of 3rd period - Stopped by Roberto Luongo with a rebound.
17:53 of 3rd period - Shot by Luke Glendening.
17:53 of 3rd period - Stopped by Roberto Luongo without a rebound.
17:54 of 3rd period - Tyler Bozak wins face-off versus Luke Glendening in TORONTO Maple Leafs zone.
17:59 of 3rd period - Shot by Tyler Bozak.
17:59 of 3rd period - Stopped by Braden Holtby with a rebound.
18:13 of 3rd period - Shot by Vladimir Sobotka.
18:13 of 3rd period - Shot Misses the Net.
18:15 of 3rd period - Shot by Vladimir Sobotka.
18:15 of 3rd period - Shot Misses the Net.
18:48 of 3rd period - Tyson Barrie is hit by Andrej Sekera and loses puck.
19:11 of 3rd period - Shot by Nathan MacKinnon.
19:11 of 3rd period - Deflect By Jaden Schwartz.
19:11 of 3rd period - Stopped by Roberto Luongo with a rebound.
19:35 of 3rd period - Austin Watson is hit by Nathan MacKinnon and loses puck.
Goals for this period are 1 for TORONTO Maple Leafs vs 1 for BUFFALO Sabres.
Shots for this period are 11 for TORONTO Maple Leafs vs 11 for BUFFALO Sabres.